 Dungeon Crawl Stone Soup version 0.29-a0-298-g3c90f9a769 (webtiles) character file.

Game seed: 17221088943923634200

8180 kae the Arsonist (level 11, -6/66 HPs)
             Began as a Tengu Fire Elementalist on Mar 22, 2022.
             Was an Initiate of Vehumet.
             Mangled by an orc warrior
             ... wielding a +0 halberd
              (13 damage)
             ... on level 8 of the Dungeon.
             The game lasted 00:13:08 (13514 turns).

kae the Arsonist (Tengu Fire Elementalist)         Turns: 13514, Time: 00:13:09

Health: -6/66      AC:  5    Str:  9    XL:     11   Next: 26%
Magic:  10/22      EV: 18    Int: 24    God:    Vehumet [......]
Gold:   581        SH:  0    Dex: 14    Spells: 10/23 levels left

rFire   + + .      SeeInvis .   E - staff of fire
rCold   x . .      Faith    .   (no shield)
rNeg    . . .      Spirit   .   p - +1 robe of Distant Shores {Will+}
rPois   +          Reflect  .   (helmet restricted)
rElec   .          Harm     .   (no cloak)
rCorr   .          Rampage  .   c - +1 pair of gloves "Paiz" {rPois Int+4}
Will    +....                   (boots unavailable)
Stlth   ++........              (no amulet)
HPRegen 0.21/turn               f - ring of fire
MPRegen 0.18/turn               s - ring of wizardry

@: flying quickly and evasively, quick
A: beak, talons 3, nimble flight
a: Renounce Religion


You were on level 8 of the Dungeon.
You worshipped Vehumet.
Vehumet was noncommittal.
You visited 2 branches of the dungeon, and saw 9 of its levels.
You also visited: Ossuary and Bailey.

You collected 581 gold pieces.

Inventory:

Hand Weapons
 o - a +3 long sword of protection
 D - the +4 long sword "Ciank" {holy, +Blink MP+9 Str-5 Dex+2}
   (You took it off an orc warrior in a bailey)

   It has been blessed by the Shining One to cause great damage to the undead
   and demons.
   Str:       It affects your strength (-5).
   Dex:       It affects your dexterity (+2).
   MP:        It affects your magic capacity (+9).
   +Blink:    It lets you blink.
Armour
 a - a +1 robe
 c - the +1 pair of gloves "Paiz" (worn) {rPois Int+4}
   (You acquired it on level 2 of the Dungeon)

   Int:       It affects your intelligence (+4).
   rPois:     It protects you from poison.
 p - the +1 robe of Distant Shores (worn) {Will+}
   (You found it on level 4 of the Dungeon)

   Will:      It increases your willpower.
Magical Staves
 E - a staff of fire (weapon)
Jewellery
 f - a ring of fire (left hand)
 h - a +6 ring of strength
 s - a ring of wizardry (right hand)
 H - a ring of poison resistance
Wands
 t - a wand of paralysis (14)
 v - a wand of flame (42)
 F - a wand of mindburst (19)
 I - a wand of acid (7)
Scrolls
 i - 4 scrolls of immolation
 j - a scroll of enchant weapon
 k - 3 scrolls of teleportation
 l - 2 scrolls of summoning
 w - 3 scrolls of brand weapon
 y - a scroll of enchant armour
 A - 2 scrolls of fog
 C - a scroll of magic mapping
 G - a scroll of holy word {unknown}
Potions
 b - a potion of magic
 d - 4 potions of curing
 e - 3 potions of flight
 g - 6 potions of heal wounds
 m - 2 potions of lignification
 n - 3 potions of attraction
 q - 7 potions of degeneration
 r - a potion of mutation
 u - a potion of invisibility
 x - a potion of might
 z - 4 potions of brilliance {unknown}
 B - a potion of haste {unknown}


   Skills:
 + Level 6.6 Fighting
 + Level 8.0 Dodging
 - Level 2.0 Stealth
 + Level 6.6 Spellcasting
 + Level 9.2 Conjurations
 * Level 11.4 Fire Magic
 * Level 1.4 Evocations


You had 10 spell levels left.
You knew the following spells:

 Your Spells              Type           Power      Damage    Failure   Level
a - Foxfire               Conj/Fire      100%       2x1d9     1%          1
b - Scorch                Fire           100%       2d10      1%          2
c - Conjure Flame         Conj/Fire      92%        6-21      1%          3
d - Inner Flame           Hex/Fire       68%        N/A       1%          3
e - Flame Wave            Conj/Fire      92%        2d16      1%          4

Your spell library contained the following spells:

 Spells                   Type           Power      Damage    Failure   Level
 Ensorcelled Hibernation  Hex/Ice        16%        N/A       4%          2
 Passwall                 Tmut/Erth      6%         N/A       4%          2
 Hailstorm                Conj/Ice       30%        3d8       4%          4
 Swiftness                Air            8%         N/A       9%          3
 Ice Form                 Ice/Tmut       8%         N/A       28%         4
 Alistair's Intoxication  Tmut/Pois      5%         N/A       58%         5
 Borgnjor's Vile Clutch   Necr/Erth      4%         N/A       58%         5
 Eringya's Noxious Bog    Tmut/Pois      4%         N/A       98%         6
 Simulacrum               Ice/Necr       4%         N/A       98%         6


Dungeon Overview and Level Annotations

Branches:
Dungeon (8/15)             Temple (1/1) D:7         Ossuary (visited)
 Bailey (visited)
   Lair: D:8-11

Altars:
Ashenzari
Cheibriados
Dithmenos
Elyvilon
Fedhas
Gozag
Hepliaklqana
Kikubaaqudgha
Makhleb
Nemelex Xobeh
Okawaru
Qazlal
Ru
Sif Muna
Trog
Uskayaw
Vehumet
Wu Jian
Xom
Yredelemnul
Zin
The Shining One

Shops:
D:1 (   D:3 :


Innate Abilities, Weirdness & Mutations

You have a beak for a mouth.
You have claws for feet.
Your magical nature lets you fly swiftly and evasively.


Message History

Confirm with . or Enter, or press ? or * to list all spells.
You feel a strong surge of power!
Flames lash the kobold brigand.
The kobold brigand is moderately wounded.
The kobold brigand's fire resistance burns away.
The killer bee stings you but does no damage. x2
The killer bee stings you!
You are poisoned.
The killer bee poisons you! The killer bee misses you.
Casting: Scorch (safe; 1% risk of failure)
Confirm with . or Enter, or press ? or * to list all spells.
You feel a strong surge of power!
Flames lash the killer bee.
The killer bee is moderately wounded.
The killer bee's fire resistance burns away.
You feel sick.
You hear a bellow!
The killer bee stings you. The killer bee stings you!
You feel sick. The killer bee completely misses you. The killer bee misses you.
Casting: Scorch (safe; 1% risk of failure)
Confirm with . or Enter, or press ? or * to list all spells.
You feel a strong surge of power!
Flames lash the kobold brigand.
The kobold brigand is burned terribly!
You kill the kobold brigand!
Vehumet accepts your kill.
You feel sick.
The killer bee is no longer more vulnerable to fire.
The killer bee stings you. The killer bee barely misses you.
An orc warrior comes into view. It is wielding a +0 halberd.
You feel sick. The killer bee barely misses you. The killer bee misses you.
The orc warrior hits you from afar with a +0 halberd!!
* * * LOW HITPOINT WARNING * * *
You hear a shout!
You hear a bellow!
Casting: Scorch (safe; 1% risk of failure)
Confirm with . or Enter, or press ? or * to list all spells.
You feel a strong surge of power!
Flames lash the killer bee.
You kill the killer bee!
Vehumet accepts your kill.
You feel sick.
You are no longer poisoned.
The orc warrior hits you from afar with a +0 halberd!
You die...

### #.# #.###.##
#### #..###.##
##... ##.####.##
##..# #..###..#
#..#
#...###.####..#
##...##....[..# #
####.......####.#o#
##.........## #@)#
#..........# ##.#
#..........# .#
............# #.
..###..###... ..
.## ##.# #.... ..#
## ..>...<... ..#
.... .. ##


You could see an orc warrior.

Vanquished Creatures
  2 two-headed ogres
  An orc knight (Bailey)
  Pikel (D:7)
  Maurice (D:8)
  6 yaks (D:7)
  A wyvern (D:8)
  Menkaure (D:6)
  A water moccasin (D:6)
  2 ice beasts
  14 orc warriors
  3 black bears
  An ogre (D:7)
  2 centaurs
  A phantom (D:5)
  Blork the orc (D:5)
  5 kobold brigands
  3 scorpions (D:5)
  9 wights
  6 killer bees (D:8)
  3 centaur zombies (Ossuary)
  A human zombie (Ossuary)
  2 orc priests
  4 hounds
  A jelly (D:8)
  Crazy Yiuf (D:5)
  Natasha (thrice) (D:4)
  3 iguanas
  5 orc wizards
  Ijyb (D:5)
  5 mummies
  13 gnolls
  8 river rats (D:6)
  8 adders
  A shadow imp (D:5)
  2 ufetubi
  A worm (D:2)
  A dart slug (D:1)
  29 orcs
  7 bats
  8 endoplasms
  2 giant cockroaches
  15 goblins
  18 hobgoblins
  27 kobolds
  6 quokkas (D:6)
  12 ball pythons
  2 frilled lizards (D:1)
  A goblin zombie (D:6)
  2 hobgoblin zombies (Ossuary)
  A kobold zombie (Ossuary)
  2 orc zombies
  15 rats
271 creatures vanquished.

Vanquished Creatures (others)
  604 foxfires
604 creatures vanquished.

Grand Total: 875 creatures vanquished

Notes
Turn   | Place    | Note
-------+----------+-------------------------------------------
     0 | D:1      | kae the Tengu Fire Elementalist began the quest for the
                  | Orb.
     0 | D:1      | Reached XP level 1. HP: 10/10 MP: 4/4
   188 | D:1      | Reached XP level 2. HP: 10/16 MP: 0/6
   719 | D:1      | Found a faded altar of an unknown god.
   874 | D:1      | Found Geacver's Antique Weapon Shoppe.
  1148 | D:1      | Reached XP level 3. HP: 20/20 MP: 2/7
  1319 | D:2      | Identified a scroll of acquirement
  1319 | D:2      | Acquired the +1 pair of gloves "Paiz" {rPois Int+4}
  1866 | D:2      | Reached skill level 4 in Fire Magic
  2051 | D:3      | Found Uvutiraej's Book Shop.
  2158 | D:3      | Learned a level 2 spell: Scorch
  2162 | D:3      | Learned a level 3 spell: Conjure Flame
  2293 | D:3      | Reached skill level 1 in Fighting
  2293 | D:3      | Reached XP level 4. HP: 25/25 MP: 4/8
  2750 | D:3      | Gained mutation: Your magical nature lets you fly swiftly
                  | and evasively. [Tengu growth]
  2750 | D:3      | Reached XP level 5. HP: 9/29 MP: 1/9
  3017 | D:3      | Found a shimmering blue altar of Sif Muna.
  3018 | D:3      | Found a sparkling altar of Nemelex Xobeh.
  3019 | D:3      | Found a bloodstained altar of Trog.
  3021 | D:3      | Found a broken altar of Ashenzari.
  3348 | D:4      | Identified the +1 robe of Distant Shores {Will+}
  3365 | D:4      | Noticed Natasha
  3370 | D:4      | Killed Natasha
  3520 | D:4      | Noticed a black bear
  3623 | D:4      | Noticed Natasha
  3631 | D:4      | Killed Natasha
  3632 | D:4      | Reached XP level 6. HP: 35/35 MP: 4/11
  3644 | D:4      | Noticed Natasha
  3648 | D:4      | Killed Natasha
  3649 | D:4      | Reached skill level 5 in Fire Magic
  3872 | D:4      | Killed a black bear
  4154 | D:4      | Noticed an ice beast
  4165 | D:4      | Killed an ice beast
  4166 | D:4      | Reached XP level 7. HP: 40/40 MP: 4/12
  4519 | D:5      | Entered Level 5 of the Dungeon
  4525 | D:5      | Reached skill level 6 in Fire Magic
  4629 | D:5      | Noticed a two-headed ogre
  4841 | D:5      | Noticed Ijyb
  4850 | D:5      | Killed Ijyb
  4927 | D:5      | Reached XP level 8. HP: 46/46 MP: 11/14
  5103 | D:5      | Reached skill level 5 in Conjurations
  5386 | D:5      | Reached skill level 7 in Fire Magic
  5772 | D:5      | Killed a two-headed ogre
  5773 | D:5      | Reached skill level 5 in Dodging
  5773 | D:5      | Reached skill level 8 in Fire Magic
  5773 | D:5      | Reached XP level 9. HP: 37/52 MP: 7/16
  6040 | D:5      | Noticed Blork the orc
  6047 | D:5      | Killed Blork the orc
  6280 | D:5      | Found a runed translucent door.
  6281 | D:5      | Noticed Crazy Yiuf
  6322 | D:5      | Killed Crazy Yiuf
  6438 | D:6      | Learned a level 3 spell: Inner Flame
  6443 | D:6      | Learned a level 4 spell: Flame Wave
  6624 | D:6      | Noticed Menkaure
  6629 | D:6      | Killed Menkaure
  6710 | D:6      | Found a sand-covered staircase.
  6723 | Ossuary  | Entered an ossuary
  7192 | Ossuary  | Reached skill level 5 in Spellcasting
  8147 | D:6      | Reached skill level 9 in Fire Magic
  8614 | D:7      | Reached skill level 5 in Fighting
  9003 | D:7      | Noticed a two-headed ogre
  9021 | D:7      | Killed a two-headed ogre
  9022 | D:7      | Reached XP level 10. HP: 47/59 MP: 6/19
  9075 | D:7      | Found a flagged portal.
  9105 | Bailey   | Entered a bailey
  9475 | Bailey   | Reached skill level 10 in Fire Magic
  9628 | Bailey   | Noticed an orc knight
  9639 | Bailey   | HP: 3/60 [orc knight/+0 war axe (18)]
  9640 | Bailey   | Killed an orc knight
  9994 | Bailey   | Identified the +4 long sword "Ciank" {holy, +Blink MP+9
                  | Str-5 Dex+2}
 10212 | Bailey   | Noticed an orc knight
 10277 | Bailey   | Noticed an orc warlord
 10634 | D:7      | Found a staircase to the Ecumenical Temple.
 10853 | D:7      | Found a burning altar of Makhleb.
 10990 | D:7      | Reached skill level 11 in Fire Magic
 10995 | D:7      | Reached XP level 11. HP: 65/65 MP: 2/21
 11174 | D:7      | Identified the +2 robe "Pifeul" {Drain rF++ Will+}
 11191 | D:7      | Found an ornate altar of the Wu Jian Council.
 11407 | D:7      | Noticed Pikel
 11428 | D:7      | Killed Pikel
 11587 | D:7      | Found a sacrificial altar of Ru.
 11701 | Temple   | Entered the Ecumenical Temple
 11772 | Temple   | Became a worshipper of Vehumet
 11782 | D:7      | Acquired a staff of fire
 11975 | D:7      | Noticed a cyclops
 13135 | D:8      | Reached skill level 1 in Evocations
 13288 | D:8      | Noticed Maurice
 13307 | D:8      | Killed Maurice
 13514 | D:8      | Mangled by an orc warrior

Illustrated notes

Levels and vault maps discovered:
D:1:      minmay_arrival_hallway, layout_basic, serial_shops,
          nicolae_shop_behind_doors, shapermc_ecumenical_altar_mp_highgroup,
          minmay_box_of_dots
D:2:      layout_basic
D:3:      layout_loops_cross, chequers_temple_overflow_statue_of_worship,
          serial_shops, nicolae_diamond_shop, minmay_diced_spiral
D:4:      layout_gridville, st_stairs_8, uniq_natasha
D:5:      layout_basic, uniq_blork_the_orc, uniq_ijyb, uniq_crazy_yiuf_cottage
D:6:      lemuel_ratsnest, layout_basic, nicolae_ossuary_entry_giza,
          chequers_decorated_corner, chequers_serial_rivers_micro_a,
          chequers_serial_rivers_marsh, kennysheep_another_room, uniq_menkaure
D:7:      layout_layer_cave, nicolae_wu_jian_immortal_techniques,
          bloody_makhleb, lemuel_tele_altar,
          minmay_temple_entry_drinking_statues, enter_bailey_2,
          minmay_microvault, uniq_pikel
D:8:      layout_layer_cave, hangedman_decor_riveting, minmay_alternating_orb,
          uniq_maurice, uniq_psyche, uniq_maggie, uniq_prince_ribbit1
Temple:   eino_wide_crystal_templ

Skill      XL: |  1  2  3  4  5  6  7  8  9 10 11 |
---------------+----------------------------------+-----
Conjurations   | 2 3 4 6 7 8 9 |  9.2
Fire Magic     | 4 5 6 8 9 11 | 11.4
Fighting       | 1 2 3 4 5 6 |  6.6
Dodging        | 3 4 5 6 7 8 |  8.0
Spellcasting   | 3 4 5 6 |  6.6
Evocations     | 1 |  1.4
Stealth        | |  2.0

Action                   |  1- 3 |  4- 6 |  7- 9 | 10-12 || total
-------------------------+-------+-------+-------+-------++-------
Melee: Unarmed           |     8 |       |       |       ||     8
       Kick              |     2 |       |     4 |     4 ||    10
       Long sword        |       |     2 |    15 |    15 ||    32
       Peck              |       |       |     3 |     3 ||     6
       Punch             |       |       |     2 |     1 ||     3
       Staff             |       |       |       |     3 ||     3
 Cast: Foxfire           |    74 |    58 |   115 |   120 ||   367
       Scorch            |       |     8 |   108 |    67 ||   183
       Conjure Flame     |       |     1 |     8 |    11 ||    20
       Inner Flame       |       |       |     2 |     7 ||     9
       Flame Wave        |       |       |       |     4 ||     4
  Use: Scroll            |     4 |     4 |    11 |     4 ||    23
       Potion            |       |       |       |     1 ||     1
 Stab: Sleeping          |     1 |       |       |       ||     1
Armor: Robe              |     6 |     2 |    23 |    15 ||    46
Dodge: Dodged            |    31 |    12 |   109 |    89 ||   241

Table legend: (Time is in decaauts)
 A = Elapsed time spent in this place.
 B = Non-inter-level travel time spent in this place.
 C = Inter-level travel time spent in this place.
 D = Time resting spent in this place.
 E = Time spent auto-exploring this place.
 F = Levels seen in this place.
 G = Mean time per level.
                   A        B        C        D        E       F      G
               +--------+--------+--------+--------+--------+-----+--------+
         Total |  13095 |  12408 |    687 |   2021 |   8037 |  11 | 1190.5 |
       Dungeon |  11157 |  10494 |    663 |   1516 |   7136 |   8 | 1394.6 |
        Temple |     71 |     47 |     24 |      0 |     36 |   1 |   71.0 |
       Ossuary |    687 |    687 |      0 |    256 |    329 |   1 |  687.0 |
        Bailey |   1179 |   1179 |      0 |    249 |    534 |   1 | 1179.0 |
               +--------+--------+--------+--------+--------+-----+--------+

Top non-repeatable levels by time:
     D:6: 2099 daAuts
     D:7: 2085 daAuts
     D:5: 1841 daAuts
     D:1: 1360 daAuts
     D:3: 1189 daAuts
     D:4: 1180 daAuts
  Bailey: 1179 daAuts
     D:2: 732 daAuts
 Ossuary: 687 daAuts
     D:8: 667 daAuts
  Temple: 71 daAuts
